[Event "Titled Tuesday Blitz October 12 2021"]
[White "Moskalenko, Alexander"]
[Black "Deac, Bogdan-Daniel"]
[WhiteFideId "4155351"]
[BlackFideId "1226380"]
[WhiteElo "2515"]
[BlackElo "2605"]
[Result "0-1"]
[Round "06"]
[TimeControl "180+1"]
[Date "2021.10.12"]
[WhiteClock "0:00:02"]
[BlackClock "0:00:07"]

1. d4 Nf6 2. c4 e6 3. Nc3 Bb4 4. e3 O-O 5. Bd3 c5 6. Nf3 Nc6 7. O-O Bxc3 8. bxc3 d6 9. e4 e5 10. d5 Ne7 11. Nh4 Ng6 12. Nxg6 fxg6 13. a4 Nh5 14. a5 Nf4 15. f3 g5 16. Re1 h5 17. Bf1 Qf6 18. Ra2 Rb8 19. Rf2 g4 20. g3 Nh3+ 21. Bxh3 gxh3 22. Ref1 Qg6 23. Qd3 b6 24. axb6 axb6 25. f4 Bg4 26. f5 Qf6 27. Ra2 Ra8 28. Rxa8 Rxa8 29. Qc2 Qf7 30. Bg5 Kh7 31. f6 Qg6 32. Bh4 gxf6 33. Rxf6 Ra1+ 34. Kf2 Qg7 35. Rxd6 Rh1 36. Ke3 Re1+ 37. Kd3 Rf1 38. Qd2 Qf8 39. Qg5 Qf3+ 40. Kc2 Qd1+ 41. Kb2 Qa1+ 42. Kc2 Qa2+ 43. Kd3 Rf3+ 44. Qe3 Rxe3+ 45. Kxe3 Qe2# 0-1


[Site "https://www.chess.com"]

[Event "Titled Tuesday Blitz October 12 2021"]
[White "Nguyen, Ngoc Truong Son"]
[Black "Jaracz, Pawel"]
[WhiteFideId "12401110"]
[BlackFideId "1102222"]
[WhiteElo "2596"]
[BlackElo "2495"]
[Result "1-0"]
[Round "06"]
[TimeControl "180+1"]
[Date "2021.10.12"]
[WhiteClock "0:01:37"]
[BlackClock "0:01:14"]

1. d3 Nf6 2. g3 d5 3. Bg2 Bg4 4. h3 Bh5 5. g4 Bg6 6. c4 e6 7. Nc3 c6 8. Qb3 Qc7 9. cxd5 exd5 10. e4 Nbd7 11. Nge2 Nc5 12. Qc2 dxe4 13. dxe4 O-O-O 14. O-O Nd3 15. Be3 h5 16. g5 Ng4 17. hxg4 hxg4 18. Rfd1 Ne5 19. Bf4 Bc5 20. Rxd8+ Rxd8 21. Rd1 Re8 22. Bg3 Qa5 23. Nf4 Bh7 24. Nd3 Nf3+ 25. Bxf3 gxf3 26. Nxc5 Qxc5 27. Qd3 Qe7 28. Qxf3 Qxg5 29. Qxf7 1-0


[Site "https://www.chess.com"]

[Event "Titled Tuesday Blitz October 12 2021"]
[White "Nigmatov, Ortik"]
[Black "Siva Mahadevan"]
[WhiteFideId "14202131"]
[BlackFideId "25043153"]
[WhiteElo "2346"]
[BlackElo "2203"]
[Result "0-1"]
[Round "06"]
[TimeControl "180+1"]
[Date "2021.10.12"]
[WhiteClock "0:00:06"]
[BlackClock "0:00:12"]

1. e4 c5 2. Nf3 Nc6 3. d4 cxd4 4. Nxd4 Nf6 5. Nc3 d6 6. Bg5 e6 7. Qd2 a6 8. O-O-O Bd7 9. Nxc6 Bxc6 10. f3 b5 11. h4 h6 12. Be3 h5 13. Bg5 b4 14. Ne2 Qb6 15. Nd4 Bd7 16. Kb1 Be7 17. Be2 Rc8 18. e5 dxe5 19. Nf5 exf5 20. Bxf6 Be6 21. Bxg7 Rg8 22. Bxe5 Rxg2 23. Bb5+ Qxb5 24. Qxg2 Qxe5 25. Qg8+ Bf8 26. Rhe1 Qf6 27. f4 Rd8 28. Qg2 Bd6 29. Qc6+ Ke7 30. Rd3 Qxh4 31. Red1 Qxf4 32. Qxa6 h4 33. b3 Qe5 34. Qb6 f4 35. Qf2 h3 36. Qh4+ Qf6 37. Qh5 Bf5 38. Rd5 Bg6 39. Qe2+ Kf8 40. Qd2 Ke7 41. Re1+ Kf8 42. Rd1 Be7 43. Rxd8+ Bxd8 44. Qxb4+ Be7 45. Qd2 Kg7 46. Re1 Ba3 0-1


[Site "https://www.chess.com"]

[Event "Titled Tuesday Blitz October 12 2021"]
[White "Obregon, Andres Carlos"]
[Black "Avila Pavas, Santiago"]
[WhiteFideId "111724"]
[BlackFideId "4437128"]
[WhiteElo "2572"]
[BlackElo "2292"]
[Result "1-0"]
[Round "06"]
[TimeControl "180+1"]
[Date "2021.10.12"]
[WhiteClock "0:00:50"]
[BlackClock "0:01:12"]

1. d4 Nf6 2. c4 c5 3. Nf3 cxd4 4. Nxd4 Nc6 5. Nc3 g6 6. e4 d6 7. Nc2 Bg7 8. Be2 Nd7 9. Bd2 O-O 10. O-O Nc5 11. b4 Ne6 12. Rc1 Bd7 13. Nd5 Ned4 14. Nxd4 Nxd4 15. Bg5 Re8 16. Bd3 h6 17. Bh4 Bc6 18. Qd2 Qd7 19. f4 a5 20. f5 Bxd5 21. cxd5 g5 22. Bf2 axb4 23. Qxb4 Ra4 24. Qb6 Ra6 25. Bxa6 1-0


[Site "https://www.chess.com"]

[Event "Titled Tuesday Blitz October 12 2021"]
[White "Pert, Richard G"]
[Black "Cabarkapa, Novak"]
[WhiteFideId "404748"]
[BlackFideId "943746"]
[WhiteElo "2441"]
[BlackElo "2469"]
[Result "0-1"]
[Round "06"]
[TimeControl "180+1"]
[Date "2021.10.12"]
[WhiteClock "0:00:10"]
[BlackClock "0:00:08"]

1. d4 h5 2. e4 h4 3. Nc3 c6 4. Bc4 b5 5. Bb3 a5 6. a3 e6 7. e5 d5 8. exd6 Bxd6 9. Nf3 h3 10. g3 Nf6 11. Bg5 Be7 12. Ne5 Nd5 13. Bxe7 Qxe7 14. Ne4 Bb7 15. Qf3 Nd7 16. Bxd5 exd5 17. Qxf7+ Qxf7 18. Nd6+ Ke7 19. Ndxf7 Rhf8 20. Nxd7 Kxd7 21. Ne5+ Kd6 22. f4 c5 23. c3 cxd4 24. cxd4 Rac8 25. Kd2 g5 26. Rac1 gxf4 27. Rxc8 Rxc8 28. gxf4 Rg8 29. Re1 Bc8 30. Ke3 Bf5 31. Rc1 Rg2 32. Rc6+ Ke7 33. Rc7+ Ke8 34. Nf3 Rxb2 35. Ng5 Rxh2 36. Rc5 Ra2 37. Rxd5 h2 38. Re5+ Kd7 39. Rd5+ Kc6 40. Rc5+ Kb6 41. Rxf5 h1=Q 42. Rf6+ Kc7 43. Rf7+ Kc8 44. Rf8+ Kd7 45. Rf7+ Ke8 0-1


[Site "https://www.chess.com"]

[Event "Titled Tuesday Blitz October 12 2021"]
[White "Pichot, Alan"]
[Black "Piesik, Piotr"]
[WhiteFideId "110973"]
[BlackFideId "1136194"]
[WhiteElo "2600"]
[BlackElo "2336"]
[Result "1/2-1/2"]
[Round "06"]
[TimeControl "180+1"]
[Date "2021.10.12"]
[WhiteClock "0:01:22"]
[BlackClock "0:00:55"]

1. e4 g6 2. d4 Bg7 3. Nc3 c6 4. f4 d5 5. e5 Nh6 6. Be2 f6 7. Nf3 Bg4 8. Be3 Nf5 9. Bf2 Nd7 10. O-O O-O 11. h3 Bxf3 12. Bxf3 fxe5 13. fxe5 e6 14. Qd2 Bh6 15. Qd3 a6 16. Ne2 c5 17. c3 b5 18. a3 c4 19. Qc2 Ne3 20. Bxe3 Bxe3+ 21. Kh1 Qe7 22. Bg4 Kg7 23. a4 h5 24. Bf3 b4 25. b3 Rac8 26. bxc4 Rxc4 27. Qd3 Bh6 28. cxb4 Qxb4 29. Bxh5 gxh5 30. Ng3 Qd2 31. Nxh5+ Kh8 32. Qg6 Rc2 33. Nf6 Nxf6 34. Rxf6 Rxf6 35. exf6 Rc1+ 36. Rxc1 Qxc1+ 37. Kh2 Bf4+ 38. g3 Qd2+ 39. Kh1 Qd1+ 40. Kg2 Qe2+ 41. Kh1 Qf1+ 42. Kh2 Qf2+ 43. Kh1 Qf3+ 44. Kh2 Qf2+ 45. Kh1 Qf1+ 46. Kh2 Qf2+ 1/2-1/2


[Site "https://www.chess.com"]

[Event "Titled Tuesday Blitz October 12 2021"]
[White "Rozman, Levy"]
[Black "Moroni, Luca Jr"]
[WhiteFideId "2039877"]
[BlackFideId "865834"]
[WhiteElo "2376"]
[BlackElo "2491"]
[Result "0-1"]
[Round "06"]
[TimeControl "180+1"]
[Date "2021.10.12"]
[WhiteClock "0:00:07"]
[BlackClock "0:00:01"]

1. c4 g6 2. e4 Bg7 3. d4 d6 4. Nc3 c5 5. dxc5 Bxc3+ 6. bxc3 dxc5 7. Qxd8+ Kxd8 8. g3 Nc6 9. Bg2 Be6 10. Be3 b6 11. O-O-O Kc7 12. e5 Bxc4 13. Nh3 h5 14. Nf4 Nh6 15. Bd5 Bxd5 16. Nxd5+ Kb7 17. Nxe7 Nxe7 18. Rd7+ Ka6 19. Rxe7 Nf5 20. Rxf7 Nxe3 21. fxe3 Rhe8 22. Rd1 Rxe5 23. Rdd7 Rxe3 24. Kd2 Rae8 25. Rxa7+ Kb5 26. Rf2 Re1 27. a4+ Kc4 28. Ra6 R1e6 29. h4 Kb3 30. Kd1 Re1+ 31. Kd2 R1e6 32. Kd1 Kxc3 33. Rf3+ Kc4 34. Rf4+ Kd5 35. Rf2 Re1+ 36. Kd2 Rb1 37. Kc2 Ree1 38. Rf6 Rec1+ 39. Kd2 Rg1 40. Rxg6 Kd4 41. Rd6+ Kc4 42. Raxb6 Rg2+ 43. Ke3 Rxg3+ 44. Kf2 Rbg1 45. a5 R1g2+ 46. Kf1 Ra2 47. Rb1 Rh3 48. Kg1 Rxh4 49. Rc1+ Kb5 50. a6 Rxa6 51. Rb1+ Rb4 52. Rxb4+ cxb4 53. Rd5+ Kc4 54. Rxh5 Kc3 55. Rh3+ Kb2 56. Rh2+ Ka3 57. Rh6 Rxh6 0-1


[Site "https://www.chess.com"]

[Event "Titled Tuesday Blitz October 12 2021"]
[White "Shipov, Sergei"]
[Black "Vokhidov, Shamsiddin"]
[WhiteFideId "4113624"]
[BlackFideId "14204223"]
[WhiteElo "2850"]
[BlackElo "2616"]
[Result "0-1"]
[Round "06"]
[TimeControl "180+1"]
[Date "2021.10.12"]
[WhiteClock "0:00:04"]
[BlackClock "0:01:46"]

1. d4 Nf6 2. c4 e6 3. Nc3 Bb4 4. Qc2 O-O 5. a3 Bxc3+ 6. Qxc3 b6 7. Bg5 c5 8. dxc5 bxc5 9. e3 d6 10. Bd3 Nbd7 11. Nf3 Rb8 12. O-O Bb7 13. Nd2 h6 14. Bh4 Qb6 15. b4 Rfc8 16. b5 d5 17. a4 e5 18. Bf5 d4 19. Qc2 Re8 20. a5 Qd6 21. Rad1 g6 22. Bxg6 fxg6 23. Qxg6+ Kf8 24. f4 e4 25. Nb3 d3 26. a6 Ba8 27. Nd2 Re7 28. f5 Rg7 29. Qxh6 Kf7 30. Rf4 Rbg8 31. g3 Rh7 32. Qxh7+ Nxh7 33. f6 Ng5 34. Kg2 Nf3 35. Nxe4 Nxh4+ 36. Rxh4 Qe5 0-1


[Site "https://www.chess.com"]

[Event "Titled Tuesday Blitz October 12 2021"]
[White "Shkapenko, Pavel"]
[Black "Warmerdam, Max"]
[WhiteFideId "4151933"]
[BlackFideId "1048104"]
[WhiteElo "2386"]
[BlackElo "2537"]
[Result "0-1"]
[Round "06"]
[TimeControl "180+1"]
[Date "2021.10.12"]
[WhiteClock "0:00:05"]
[BlackClock "0:01:31"]

1. e4 c5 2. c3 Nf6 3. e5 Nd5 4. d4 cxd4 5. cxd4 d6 6. Nf3 Nc6 7. Bc4 dxe5 8. Nxe5 e6 9. O-O Be7 10. Nf3 O-O 11. Nc3 Ncb4 12. Bd2 b6 13. Ne5 Bb7 14. Rc1 Rc8 15. Bb3 Bf6 16. Ne4 Rxc1 17. Bxc1 Be7 18. a3 Nc6 19. Nxc6 Bxc6 20. Bc2 Qd7 21. Qh5 g6 22. Qh6 Rc8 23. Ng5 Nf6 24. Be3 Bxg2 25. Bxg6 hxg6 26. Kxg2 Qd5+ 27. Kg1 Qf5 28. Qh3 Qxh3 29. Nxh3 Rc2 30. Rc1 Rxc1+ 31. Bxc1 Bd6 32. Ng5 Kg7 33. h3 Nd5 34. Nf3 f6 35. Kf1 Kf7 36. Be3 g5 37. Ke2 Kg6 38. Kd3 Kf5 39. Nd2 a6 40. Ne4 Bf4 41. Ng3+ Kg6 42. Ne2 Bd6 43. Kd2 Kh5 44. Ke1 Kh4 45. Ng1 Bh2 46. Nf3+ Kxh3 47. Bxg5 fxg5 48. Nxg5+ Kg4 49. Nxe6 Kf5 50. Nd8 Ke4 51. Nc6 Bd6 52. Ke2 Nf4+ 53. Kd2 Ne6 54. Kc3 Nxd4 55. Nb4 Bxb4+ 56. Kxb4 Kd5 57. a4 a5+ 58. Kc3 Nc6 59. Kd3 Ne5+ 60. Kc3 Nf3 61. b4 Ne5 62. bxa5 bxa5 63. f4 Nd7 64. Kd3 Nc5+ 65. Kc3 Nxa4+ 66. Kb3 Nc5+ 67. Kc3 Ke4 68. Kc4 Nb7 69. Kb5 Kxf4 70. Kb6 a4 0-1


[Site "https://www.chess.com"]

[Event "Titled Tuesday Blitz October 12 2021"]
[White "Sinitsina, Anastassia"]
[Black "Mikhalevski, Victor"]
[WhiteFideId "4504640"]
[BlackFideId "2801914"]
[WhiteElo "2161"]
[BlackElo "2577"]
[Result "1-0"]
[Round "06"]
[TimeControl "180+1"]
[Date "2021.10.12"]
[WhiteClock "0:01:10"]
[BlackClock "0:01:31"]

1. Nf3 Nf6 2. g3 g6 3. Bg2 Bg7 4. O-O O-O 5. d3 d5 6. Nbd2 Nc6 7. e4 e5 8. Re1 a5 9. exd5 Nxd5 10. Nc4 Re8 11. a4 h6 12. c3 Bf5 13. Nh4 Be6 14. Qc2 Qd7 15. Nf3 Bh3 16. Ne3 Bxg2 17. Kxg2 Rad8 18. Nc4 Nb6 19. Nxb6 cxb6 20. Be3 Qxd3 21. Qxd3 Rxd3 22. Bxb6 e4 23. Ng1 f5 24. Rad1 Ne5 25. Bxa5 Nc4 26. Rxd3 Ra8 27. Rd8+ Rxd8 28. Bxd8 Nxb2 29. Rb1 Bxc3 30. Ne2 Be5 31. a5 Kf7 32. f3 Ke6 33. fxe4 fxe4 34. Bb6 Kd5 35. Nf4+ Kc4 36. Nxg6 Bc3 37. Nf4 Kb3 38. h4 Kc2 39. Rf1 Nc4 40. Nd5 Bd2 41. Rf7 e3 42. Nxe3+ Bxe3 43. Bxe3 Nxe3+ 44. Kf3 Nc4 45. Rxb7 Nxa5 46. Rb6 h5 47. Rb5 Nc6 48. Rxh5 Nd4+ 49. Ke4 Ne2 50. Rg5 1-0


[Site "https://www.chess.com"]

[Event "Titled Tuesday Blitz October 12 2021"]
[White "Smirnov, Pavel"]
[Black "Perez Ponsa, Federico"]
[WhiteFideId "4123425"]
[BlackFideId "117927"]
[WhiteElo "2571"]
[BlackElo "2672"]
[Result "1-0"]
[Round "06"]
[TimeControl "180+1"]
[Date "2021.10.12"]
[WhiteClock "0:00:18"]
[BlackClock "0:02:00"]

1. d4 Nf6 2. c4 g6 3. Nf3 Bg7 4. g3 O-O 5. Bg2 d6 6. O-O c6 7. Nc3 Bf5 8. Re1 Ne4 9. Qb3 Nxc3 10. bxc3 Qb6 11. e4 Bg4 12. Bg5 Re8 13. h3 Bxf3 14. Bxf3 c5 15. e5 Nc6 16. dxc5 dxc5 17. Bf4 Na5 18. Qa4 e6 19. Rab1 Qc7 20. Rb5 b6 21. Bxa8 Rxa8 22. Rbb1 h6 23. h4 Qe7 24. Rbd1 g5 25. Rd7 Qe8 26. hxg5 hxg5 27. Bxg5 Nxc4 28. Red1 Nb2 29. Qg4 Nxd1 30. Bf6 Qf8 31. Rxd1 Kh7 32. Qe4+ Kg8 33. Qg4 Kh7 34. Bxg7 Qxg7 35. Qe4+ Qg6 36. Qxa8 Qc2 37. Qf3 Kg7 38. Kg2 Qg6 39. Qf6+ Qxf6 40. exf6+ Kxf6 41. Rd7 b5 42. Rxa7 Ke5 43. Rb7 Kd5 44. Rxb5 Kc6 45. Ra5 Kb6 46. Ra4 Kb5 47. Rf4 f5 48. g4 fxg4 49. Rxg4 Kc6 50. Re4 Kd5 51. Kf3 Kd6 52. Ke3 Kd5 53. f4 Kd6 54. Re5 Kc6 55. Rxe6+ Kd5 56. Re5+ Kd6 57. Ke4 Kc6 58. c4 Kd6 59. Rxc5 Kxc5 60. Ke5 Kc6 61. f5 Kd7 62. f6 Ke8 63. Ke6 Kd8 64. f7 Kc7 65. f8=Q Kc6 66. Qc8+ Kb6 67. Kd6 Ka5 68. Qb7 Ka4 69. Qb5+ Ka3 70. Qb3# 1-0


[Site "https://www.chess.com"]

[Event "Titled Tuesday Blitz October 12 2021"]
[White "Solon, Nathan"]
[Black "Holt, Conrad"]
[WhiteFideId "2017229"]
[BlackFideId "2034387"]
[WhiteElo "2680"]
[BlackElo "2586"]
[Result "0-1"]
[Round "06"]
[TimeControl "180+1"]
[Date "2021.10.12"]
[WhiteClock "0:00:14"]
[BlackClock "0:00:25"]

1. d4 d5 2. c4 c6 3. Nf3 Nf6 4. g3 Bf5 5. Nc3 dxc4 6. Bg2 g6 7. Ne5 Be6 8. O-O Bg7 9. e4 Nbd7 10. f4 Qb6 11. Kh1 Rd8 12. f5 Nxe5 13. fxe6 Qxd4 14. exf7+ Kxf7 15. Qe2 Rhf8 16. Bf4 Kg8 17. Rad1 Nd3 18. e5 Nh5 19. Bg5 Qxe5 20. Ne4 Qxb2 21. Qg4 Nf6 22. Qe6+ Kh8 23. Qxe7 Nxe4 24. Rxf8+ Rxf8 0-1


[Site "https://www.chess.com"]

[Event "Titled Tuesday Blitz October 12 2021"]
[White "Sviridov, Valery"]
[Black "Gelman, Alexander"]
[WhiteFideId "4120680"]
[BlackFideId "4118316"]
[WhiteElo "2454"]
[BlackElo "2375"]
[Result "1-0"]
[Round "06"]
[TimeControl "180+1"]
[Date "2021.10.12"]
[WhiteClock "0:01:25"]
[BlackClock "0:00:18"]

1. Nf3 c5 2. c4 Nf6 3. Nc3 e6 4. g3 d6 5. Bg2 Be7 6. d4 cxd4 7. Nxd4 a6 8. O-O O-O 9. b3 Qc7 10. Bb2 Nbd7 11. e4 Ne5 12. f4 Ng6 13. Kh1 Re8 14. Rc1 Bd7 15. Qe2 Rac8 16. Nf3 Bc6 17. Rce1 Qa5 18. Ng5 h6 19. Nxf7 Kxf7 20. e5 Bxg2+ 21. Kxg2 dxe5 22. fxe5 Nxe5 23. Qxe5 Qxe5 24. Rxe5 Rcd8 25. Re2 Rd3 26. Ne4 Red8 27. Ref2 b5 28. cxb5 axb5 29. Nxf6 Bxf6 30. Bxf6 gxf6 31. Rxf6+ Ke7 32. Rxh6 Rd2+ 33. Rf2 Rxf2+ 34. Kxf2 Rd2+ 35. Ke3 Rxa2 36. Kd4 Rc2 37. h4 b4 38. Rh7+ Kf6 39. g4 Rc3 40. g5+ Kg6 41. Rh6+ Kf7 42. h5 Rxb3 43. Rh7+ Kg8 44. g6 Rg3 45. Ke5 b3 46. Rb7 Rg5+ 47. Kf6 Rf5+ 48. Kxe6 Rxh5 49. Kf6 1-0


[Site "https://www.chess.com"]

[Event "Titled Tuesday Blitz October 12 2021"]
[White "Sydoryka, Vladyslav"]
[Black "Kozak, Adam"]
[WhiteFideId "14145928"]
[BlackFideId "753246"]
[WhiteElo "2282"]
[BlackElo "2448"]
[Result "1-0"]
[Round "06"]
[TimeControl "180+1"]
[Date "2021.10.12"]
[WhiteClock "0:00:15"]
[BlackClock "0:00:01"]

1. c4 b6 2. e4 e6 3. Nc3 Bb7 4. d4 Bb4 5. Qc2 Nf6 6. Bd3 Bxc3+ 7. bxc3 d6 8. f4 Nbd7 9. Nf3 h6 10. e5 Ng8 11. O-O Ne7 12. Ba3 Qb8 13. exd6 cxd6 14. Rae1 O-O 15. d5 Nc5 16. Nd4 e5 17. fxe5 dxe5 18. Bxc5 bxc5 19. Nb3 Qd6 20. Qf2 Rac8 21. Qg3 f6 22. Nd2 Qd8 23. Rb1 Ba6 24. Bc2 Rb8 25. Qd3 f5 26. d6 Rxb1 27. Bxb1 Nc8 28. Rxf5 Qxd6 29. Rxf8+ Kxf8 30. Qf3+ Qf6 31. Bf5 Nd6 32. Qa8+ Kf7 33. Qxa7+ Qe7 34. Bg6+ Kf6 35. Qxa6 Kxg6 36. Ne4 Kf5 37. Qxd6 Qb7 38. Ng3+ Kf4 39. Qd2+ Kg4 40. Qe2+ Kg5 41. Qxe5+ Kh4 42. Qh5# 1-0


[Site "https://www.chess.com"]

[Event "Titled Tuesday Blitz October 12 2021"]
[White "Timmermans, Mark"]
[Black "Volkov, Maksim"]
[WhiteFideId "1026399"]
[BlackFideId "54123070"]
[WhiteElo "2460"]
[BlackElo "2113"]
[Result "1-0"]
[Round "06"]
[TimeControl "180+1"]
[Date "2021.10.12"]
[WhiteClock "0:01:22"]
[BlackClock "0:00:02"]

1. b4 a5 2. b5 d5 3. Bb2 Nf6 4. e3 c5 5. c4 e6 6. Nf3 Bd6 7. a4 O-O 8. Be2 Nbd7 9. cxd5 Nxd5 10. O-O b6 11. d4 Bb7 12. Nbd2 Qe7 13. Nc4 Rac8 14. Rc1 Rfd8 15. Nxd6 Qxd6 16. Qb3 cxd4 17. Nxd4 Nc5 18. Qa2 Nb4 19. Qa3 Qe7 20. Bf3 Bxf3 21. Nxf3 Rd3 22. Rc3 Rxc3 23. Bxc3 Nxa4 24. Bxg7 Kxg7 25. Qxa4 e5 26. Rd1 f6 27. h3 Kf8 28. Qb3 Rc7 29. e4 Rd7 30. Rc1 Rc7 31. Rxc7 Qxc7 32. Qe3 Kg8 33. Nh4 a4 34. Nf5 Nc2 35. Qh6 Qf7 36. Qd2 Qc7 37. Qd5+ Kf8 38. Qe6 a3 39. Qxf6+ Ke8 40. Ng7+ Kd7 41. Qe6+ 1-0


[Site "https://www.chess.com"]

[Event "Titled Tuesday Blitz October 12 2021"]
[White "Urazayev, Arystanbek"]
[Black "Bartel, Michal"]
[WhiteFideId "13709810"]
[BlackFideId "1119257"]
[WhiteElo "2321"]
[BlackElo "2211"]
[Result "1-0"]
[Round "06"]
[TimeControl "180+1"]
[Date "2021.10.12"]
[WhiteClock "0:00:48"]
[BlackClock "0:00:54"]

1. e4 e5 2. Nf3 Nc6 3. Nc3 g6 4. d4 exd4 5. Nxd4 Bg7 6. Be3 Nf6 7. f3 O-O 8. Bc4 Re8 9. O-O d5 10. Nxc6 bxc6 11. Bb3 Be6 12. Bd4 dxe4 13. fxe4 Bxb3 14. axb3 Nxe4 15. Bxg7 Kxg7 16. Qxd8 Raxd8 17. Rxa7 Nxc3 18. bxc3 Re7 19. g3 h5 20. Rf2 Rdd7 21. Ra6 Rd6 22. Ra1 Re3 23. c4 h4 24. gxh4 Re4 25. Raf1 Rd7 26. Rf4 Re2 27. R1f2 Rxf2 28. Rxf2 Rd4 29. h5 gxh5 30. Rf5 Kg6 31. Rc5 Rd6 32. Kf2 f5 33. h4 Rd2+ 34. Ke3 Rxc2 35. Rxc6+ Kf7 36. Rxc7+ Ke6 37. b4 Rh2 38. b5 Rh3+ 39. Kf2 Rxh4 40. b6 Rh2+ 41. Kg3 Rb2 42. c5 Kd5 43. b7 h4+ 44. Kh3 f4 45. Kxh4 f3 46. Kg3 f2 47. Kg2 Ke4 48. c6 Ke3 49. Re7+ Kf4 50. Re8 Rb6 51. b8=Q+ Rxb8 52. Rxb8 Ke3 53. Kf1 Kd4 54. c7 Kd5 55. c8=Q Kd6 56. Rb6+ Kd5 57. Qe6+ Kd4 58. Rb4+ Kc5 59. Qc4+ Kd6 60. Rb6+ Ke5 61. Re6+ Kf5 62. Qe4+ Kg5 63. Rg6+ Kh5 64. Qg4# 1-0


[Site "https://www.chess.com"]

[Event "Titled Tuesday Blitz October 12 2021"]
[White "Van Foreest, Jorden"]
[Black "Yilmaz, Mustafa"]
[WhiteFideId "1039784"]
[BlackFideId "6302718"]
[WhiteElo "2600"]
[BlackElo "2518"]
[Result "1-0"]
[Round "06"]
[TimeControl "180+1"]
[Date "2021.10.12"]
[WhiteClock "0:00:34"]
[BlackClock "0:00:05"]

1. a3 a5 2. e4 e5 3. Nf3 Nc6 4. Bb5 d6 5. d4 Bd7 6. O-O Nf6 7. Nc3 Be7 8. Re1 exd4 9. Nxd4 O-O 10. Bf4 Re8 11. h3 Bf8 12. Nf3 Ne5 13. Nxe5 dxe5 14. Bg5 Bxb5 15. Nxb5 c6 16. Qxd8 Rexd8 17. Nc3 Be7 18. Red1 Kf8 19. Be3 Nd7 20. Kf1 Ke8 21. Ke2 b5 22. a4 b4 23. Nb1 Nf6 24. Nd2 Nd7 25. Nc4 f6 26. Rd3 Nc5 27. Rxd8+ Kxd8 28. Nb6 Ra6 29. Rd1+ Kc7 30. Bxc5 Bxc5 31. Nc4 Bd4 32. Rd3 Ra8 33. Rg3 g6 34. Rf3 Rf8 35. b3 Bb6 36. g4 h6 37. h4 Kb7 38. g5 hxg5 39. hxg5 f5 40. exf5 e4 41. Nd6+ Kc7 42. Nxe4 Re8 43. fxg6 Rxe4+ 44. Kf1 Rg4 45. g7 Rxg5 46. Rg3 Be3 47. Rxg5 1-0


[Site "https://www.chess.com"]

[Event "Titled Tuesday Blitz October 12 2021"]
[White "Visakh N R"]
[Black "Ghimpu, Samuel-Timotei"]
[WhiteFideId "25012223"]
[BlackFideId "1238175"]
[WhiteElo "2454"]
[BlackElo "2012"]
[Result "1-0"]
[Round "06"]
[TimeControl "180+1"]
[Date "2021.10.12"]
[WhiteClock "0:00:57"]
[BlackClock "0:00:17"]

1. c4 Nf6 2. Nc3 e5 3. g3 Bb4 4. Bg2 O-O 5. Nf3 Re8 6. O-O d6 7. d3 Bxc3 8. bxc3 Nc6 9. Bg5 Bd7 10. Rb1 b6 11. Nd2 h6 12. Bxf6 gxf6 13. f4 Rb8 14. e3 Kg7 15. Qh5 Ne7 16. fxe5 dxe5 17. Rf2 Ng6 18. Rbf1 f5 19. Bh3 f4 20. gxf4 exf4 21. exf4 Bxh3 22. Qxh3 Kh7 23. Ne4 Rg8 24. Kh1 Qe7 25. Re2 Qd8 26. Qf5 Kg7 27. Ng3 Rf8 28. Nh5+ Kh7 29. Rg1 Qh4 30. Re6 1-0


[Site "https://www.chess.com"]

[Event "Titled Tuesday Blitz October 12 2021"]
[White "Yeletsky, Ivan"]
[Black "Gritsenko, Nikolai"]
[WhiteFideId "24180327"]
[BlackFideId "14112493"]
[WhiteElo "2352"]
[BlackElo "2389"]
[Result "1-0"]
[Round "06"]
[TimeControl "180+1"]
[Date "2021.10.12"]
[WhiteClock "0:00:19"]
[BlackClock "0:00:05"]

1. Nf3 c5 2. g3 b6 3. d3 Bb7 4. e4 d6 5. Bg2 g6 6. O-O Bg7 7. Nfd2 Nd7 8. Nc3 a6 9. a4 Rb8 10. f4 Ngf6 11. g4 O-O 12. h3 b5 13. axb5 axb5 14. Nxb5 Bxe4 15. dxe4 Rxb5 16. c3 Qb8 17. Nc4 Nb6 18. Ne3 Nfd7 19. e5 c4 20. exd6 exd6 21. f5 Be5 22. g5 Nc5 23. Ng4 Nd3 24. Qf3 gxf5 25. Nh6+ Kh8 26. Nxf5 Nxc1 27. Raxc1 Rxb2 28. Qh5 Rxg2+ 29. Kxg2 Qa8+ 30. Qf3 Nd5 31. Kg1 Rg8 32. h4 f6 33. Nh6 Rg6 34. Nf7+ Kg7 35. Nxe5 dxe5 36. Rcd1 Nb6 37. Qxa8 Nxa8 38. Rd7+ 1-0


[Site "https://www.chess.com"]

[Event "Titled Tuesday Blitz October 12 2021"]
[White "Zarnicki, Pablo"]
[Black "Le, Tuan Minh"]
[WhiteFideId "100137"]
[BlackFideId "12401153"]
[WhiteElo "2467"]
[BlackElo "2450"]
[Result "0-1"]
[Round "06"]
[TimeControl "180+1"]
[Date "2021.10.12"]
[WhiteClock "0:00:10"]
[BlackClock "0:00:16"]

1. e4 c5 2. Nf3 Nf6 3. e5 Nd5 4. Nc3 e6 5. Nxd5 exd5 6. d4 Nc6 7. c3 d6 8. Bb5 cxd4 9. Nxd4 Bd7 10. exd6 Bxd6 11. O-O O-O 12. Be2 Re8 13. Bf3 Ne7 14. g3 Bh3 15. Bg2 Bxg2 16. Kxg2 Qd7 17. Qf3 Bc5 18. Be3 Ng6 19. Qf5 Qd6 20. Rad1 a6 21. Nc2 Rad8 22. Bxc5 Qxc5 23. Rfe1 Ne7 24. Qf3 h6 25. Ne3 Qb5 26. Rd2 Nc6 27. Red1 Ne5 28. Qf4 Ng6 29. Qb4 Qc6 30. Qd4 Re4 31. Qxe4 dxe4 32. Rxd8+ Kh7 33. R8d5 Qf6 34. h4 Ne7 35. R5d4 Qf3+ 36. Kg1 f5 37. Ng2 Ng6 38. Re1 Ne5 39. Re3 Qg4 40. Ne1 Qh3 41. g4 Qxg4+ 42. Rg3 Qe2 43. Re3 Qxb2 44. Rd5 Ng4 0-1


[Site "https://www.chess.com"]

[Event "Titled Tuesday Blitz October 12 2021"]
[White "Abdyzhapar, Asylbek"]
[Black "Dev, Shah"]
[WhiteFideId "13800337"]
[BlackFideId "35019058"]
[WhiteElo "2383"]
[BlackElo "2098"]
[Result "1-0"]
[Round "07"]
[TimeControl "180+1"]
[Date "2021.10.12"]
[WhiteClock "0:00:52"]
[BlackClock "0:00:05"]

1. d4 d5 2. c4 dxc4 3. e3 Nf6 4. Bxc4 e6 5. Nf3 c5 6. O-O a6 7. Qe2 b5 8. Bb3 Bb7 9. Rd1 Nbd7 10. a4 b4 11. Nbd2 Be7 12. Nc4 Qc7 13. a5 O-O 14. Bd2 Rfd8 15. Be1 cxd4 16. exd4 Bd5 17. Rac1 Bxc4 18. Rxc4 Qxa5 19. g3 Nb6 20. Rc6 Rac8 21. Ne5 Nbd5 22. Rdc1 Rxc6 23. Nxc6 Qc7 24. Qxa6 Rf8 25. Rc2 Qd6 26. Qb7 Bd8 27. Nxb4 Be7 28. Nc6 Bd8 29. Bc4 Bb6 30. Bf1 Nd7 31. b4 h6 32. b5 N7f6 33. Ra2 Bc7 34. Ra6 h5 35. Ne5 Qe7 36. b6 h4 37. bxc7 hxg3 38. hxg3 Nxc7 39. Ra7 Nfd5 40. Bg2 Qg5 41. Qc6 Qf5 42. Rxc7 Nxc7 43. Qxc7 Qb1 44. Kf1 Qb5+ 45. Qc4 Qb1 46. Qd3 Rc8 1-0


[Site "https://www.chess.com"]

[Event "Titled Tuesday Blitz October 12 2021"]
[White "Almiron, Antonio"]
[Black "Pichot, Alan"]
[WhiteFideId "3701166"]
[BlackFideId "110973"]
[WhiteElo "2237"]
[BlackElo "2600"]
[Result "0-1"]
[Round "07"]
[TimeControl "180+1"]
[Date "2021.10.12"]
[WhiteClock "0:00:01"]
[BlackClock "0:01:10"]

1. e4 c5 2. Nf3 d6 3. d4 cxd4 4. Qxd4 Nf6 5. Be2 Nc6 6. Qe3 g6 7. O-O Bg4 8. Rd1 Bxf3 9. Bxf3 Qc8 10. c4 Bg7 11. Nc3 O-O 12. b3 Nd7 13. Bb2 Nc5 14. Rab1 a5 15. Nd5 Bxb2 16. Rxb2 Qe6 17. Rbd2 Rac8 18. Nb6 Rcd8 19. Nd5 Qe5 20. g3 e6 21. Nc3 Rd7 22. Bg2 Rfd8 23. f4 Qf6 24. Nb5 Qe7 25. h4 a4 26. Kh2 axb3 27. axb3 e5 28. Bh3 exf4 29. Qxf4 Ne6 30. Qe3 Ne5 31. Nc3 Qf8 32. Nd5 Qg7 33. Rf2 Kh8 34. Rdf1 h6 35. Nf6 Re7 36. Nd5 Red7 37. Nf6 Rc7 38. Nd5 Rc5 39. Nf6 b5 40. cxb5 Rxb5 41. Nd5 Rdb8 0-1


[Site "https://www.chess.com"]